 Dungeon Crawl Stone Soup version 0.25.1-2-g60ff931df9 (webtiles) character file.

Game seed: 5651086782837366633

306 gbos the Chopper (level 6, 0/56 HPs)
             Began as a Naga Fighter on Nov 18, 2020.
             Slain by Grinder (2 damage)
             ... while paralysed by Grinder
             ... on level 4 of the Dungeon.
             The game lasted 00:00:31 (3430 turns).

gbos the Chopper (Naga Fighter)                     Turns: 3430, Time: 00:00:32

Health: 0/56       AC: 11    Str: 20    XL:     6   Next: 39%
Magic:  6/6        EV:  1    Int:  9    God:
Gold:   202        SH:  0    Dex: 10    Spells: 5/5 levels left

rFire    . . .     SeeInvis +   Y - +0 war axe
rCold    . . .     Gourm    .   c - +0 kite shield
rNeg     . . .     Faith    .   l - +0 chain mail
rPois    +         Spirit   .   e - +0 helmet
rElec    .         Reflect  .   (no cloak)
rCorr    .         Harm     .   a - +2 pair of gloves
MR       .....                  (no barding)
Stlth    ..........             (no amulet)
HPRegen  0.18/turn              (no ring)
MPRegen  0.10/turn              (no ring)

@: paralysed, very slow
A: large, see invisible, deformed body, poison resistance, slowness 2, slow
metabolism 1, spit poison 1, AC +2
a: Spit Poison


You were on level 4 of the Dungeon.
You were not hungry.

You visited 1 branch of the dungeon, and saw 4 of its levels.

You collected 202 gold pieces.


Innate Abilities, Weirdness & Mutations

You cannot wear boots.
Your serpentine skin is tough. (AC +2)
You have supernaturally acute eyesight. (SInv)
Armour fits poorly on your strangely shaped body.
Your system is resistant to poisons. (rPois)
You cover ground very slowly.
You have a slow metabolism.
You can spit poison.


   Skills:
 - Level 3.0 Fighting
 + Level 6.6 Axes
 - Level 2.4 Armour
 - Level 2.4 Shields


You had 5 spell levels left.
You didn't know any spells.
Your spell library was empty.

Inventory:

Hand Weapons
 b - a +0 flail
 h - a +0 whip of flaming
 Y - a +0 war axe (weapon)
Armour
 a - a +2 pair of gloves (worn)
 c - a +0 kite shield (worn)
 e - a +0 helmet (worn)
 l - a +0 chain mail (worn)
Scrolls
 i - a scroll of identify
 j - a scroll of teleportation
Potions
 d - a potion of might
 g - 2 potions of curing
Comestibles
 f - 7 rations
 k - 2 chunks of flesh

Dungeon Overview and Level Annotations

Branches:
Dungeon (4/15)
 Temple: D:4-7

Altars:

Annotations:
D:4 Grinder


Message History

You closely miss Grinder. Grinder hits you.
You writhe in agony.
You closely miss Grinder. You hit the ogre.
Grinder zaps a wand.
You easily resist.
The ogre hits you with a +0 giant spiked club!
You hit the ogre.
The ogre is lightly wounded.
You slash Grinder! Grinder hits you but does no damage.
The ogre hits you with a +0 giant spiked club!
You closely miss Grinder.
Grinder is moderately wounded.
You slash the ogre! Grinder gestures at you.
You suddenly lose the ability to move!
Grinder zaps a wand.
You easily resist.
The ogre hits you with a +0 giant spiked club!!
Grinder hits you but does no damage.
The ogre hits you with a +0 giant spiked club!
Grinder hits you.
You die...

##########.....#
.........#.....###
#.#####...............
#..................#
#............#
#.#####..###..#.####
#.....<)#.##..#.#
#.####.###.#..#.####.#..
##[ ##....@O...... #.
#..#..5...... .#
#.....###.... # #......
#.. ......... .
####.....# ##...## ##.##


You could see Grinder and an ogre.

Vanquished Creatures
  Blork the orc (D:4)
  An orc wizard (D:3)
  A worker ant (D:3)
  Robin (D:2)
  A gnoll (D:1)
  7 adders
  An ooze (D:1)
  2 worms (D:3)
  3 dart slugs
  2 leopard geckos (D:3)
  5 orcs (D:3)
  2 giant cockroaches
  14 goblins
  13 hobgoblins
  3 jackals (D:1)
  2 quokkas
  A ball python (D:2)
  9 bats
  7 frilled lizards
  5 kobolds
  10 rats
91 creatures vanquished.

Notes
Turn   | Place    | Note
-------+----------+-------------------------------------------
     0 | D:1      | gbos the Naga Fighter began the quest for the Orb.
     0 | D:1      | Reached XP level 1. HP: 21/21 MP: 1/1
     0 | D:1      | 0 ||| counter = 237
     9 | D:1      | 9 ||| INVOKING Spit Poison.
    33 | D:1      | 33 ||| Stepping ~*~*~tactically~*~*~ (stealth).
    34 | D:1      | 34 ||| Stepping ~*~*~tactically~*~*~ (stealth).
    35 | D:1      | 35 ||| INVOKING Spit Poison.
    40 | D:1      | Reached XP level 2. HP: 15/28 MP: 2/2
    65 | D:1      | 65 ||| Stepping ~*~*~tactically~*~*~ (stealth).
   199 | D:1      | 199 ||| INVOKING Spit Poison.
   199 | D:1      | Reached skill level 3 in Axes
   262 | D:1      | 262 ||| INVOKING Spit Poison.
   267 | D:1      | Reached XP level 3. HP: 34/34 MP: 3/3
   269 | D:1      | 269 ||| INVOKING Spit Poison.
   313 | D:1      | 313 ||| INVOKING Spit Poison.
   472 | D:1      | 472 ||| INVOKING Spit Poison.
   473 | D:1      | 473 ||| Stepping ~*~*~tactically~*~*~ (stealth).
   599 | D:1      | 599 ||| INVOKING Spit Poison.
   620 | D:1      | 620 ||| INVOKING Spit Poison.
   674 | D:1      | 674 ||| INVOKING Spit Poison.
   764 | D:1      | 764 ||| INVOKING Spit Poison.
   927 | D:1      | 927 ||| UPGRADING to chain mail.
   937 | D:1      | 937 ||| DROPPING +0 scale mail.
   938 | D:1      | 938 ||| READING 2 scrolls labeled VAJ KOQU SOLLY.
   939 | D:1      | 939 ||| READING scroll labeled GEGYMESCHAU.
   940 | D:1      | 940 ||| READING 2 scrolls labeled EXABUOM YNIU.
   941 | D:1      | 941 ||| DROPPING scroll of immolation.
   952 | D:2      | 952 ||| INVOKING Spit Poison.
   958 | D:2      | 958 ||| Stepping ~*~*~tactically~*~*~ (stealth).
   959 | D:2      | 959 ||| Stepping ~*~*~tactically~*~*~ (stealth).
   969 | D:2      | 969 ||| INVOKING Spit Poison.
   985 | D:2      | 985 ||| INVOKING Spit Poison.
   990 | D:2      | Reached skill level 4 in Axes
  1025 | D:2      | 1025 ||| INVOKING Spit Poison.
  1029 | D:2      | 1029 ||| Stepping ~*~*~tactically~*~*~ (hiding).
  1030 | D:2      | 1030 ||| Waiting for ranged monster.
  1036 | D:2      | 1036 ||| Waiting for ranged monster.
  1218 | D:2      | 1218 ||| Stepping ~*~*~tactically~*~*~ (stealth).
  1221 | D:2      | 1221 ||| INVOKING Spit Poison.
  1232 | D:2      | 1232 ||| INVOKING Spit Poison.
  1260 | D:2      | 1260 ||| INVOKING Spit Poison.
  1265 | D:2      | Reached XP level 4. HP: 40/42 MP: 4/4
  1280 | D:2      | 1280 ||| Stepping ~*~*~tactically~*~*~ (stealth).
  1283 | D:2      | 1283 ||| INVOKING Spit Poison.
  1284 | D:2      | Noticed Robin
  1302 | D:2      | Killed Robin
  1624 | D:2      | 1624 ||| INVOKING Spit Poison.
  1792 | D:2      | 1792 ||| INVOKING Spit Poison.
  1812 | D:2      | 1812 ||| INVOKING Spit Poison.
  1817 | D:2      | Reached skill level 5 in Axes
  1965 | D:2      | 1965 ||| UPGRADING to +0 helmet.
  1970 | D:2      | 1970 ||| READING scroll labeled CIUGO BIDIFITH.
  1971 | D:2      | 1971 ||| READING scroll labeled MATHRO BELAXA.
  1972 | D:2      | 1972 ||| READING scroll labeled VOUNIN SAVUT.
  1975 | D:2      | 1975 ||| READING scroll of identify.
  1975 | D:2      | 1975 ||| IDENTIFYING twisted moonstone ring
  1976 | D:2      | 1976 ||| DROPPING ring of stealth.
  2043 | D:3      | 2043 ||| INVOKING Spit Poison.
  2048 | D:3      | Reached XP level 5. HP: 42/49 MP: 5/5
  2049 | D:3      | 2049 ||| STAIRDANCE
  2132 | D:3      | 2132 ||| INVOKING Spit Poison.
  2155 | D:3      | 2155 ||| INVOKING Spit Poison.
  2157 | D:3      | 2157 ||| Stepping ~*~*~tactically~*~*~ (stealth).
  2230 | D:3      | 2230 ||| INVOKING Spit Poison.
  2231 | D:3      | 2231 ||| INVOKING Spit Poison.
  2238 | D:3      | 2238 ||| INVOKING Spit Poison.
  2244 | D:3      | 2244 ||| DROPPING +0 whip.
  2271 | D:3      | 2271 ||| INVOKING Spit Poison.
  2285 | D:3      | 2285 ||| INVOKING Spit Poison.
  2287 | D:3      | 2287 ||| Stepping ~*~*~tactically~*~*~ (stealth).
  2288 | D:3      | 2288 ||| INVOKING Spit Poison.
  2334 | D:3      | 2334 ||| Stepping ~*~*~tactically~*~*~ (hiding).
  2335 | D:3      | 2335 ||| Stepping ~*~*~tactically~*~*~ (hiding).
  2336 | D:3      | 2336 ||| Stepping ~*~*~tactically~*~*~ (hiding).
  2337 | D:3      | 2337 ||| Waiting for ranged monster.
  2339 | D:3      | 2339 ||| Stepping ~*~*~tactically~*~*~ (hiding).
  2340 | D:3      | 2340 ||| Stepping ~*~*~tactically~*~*~ (hiding).
  2341 | D:3      | 2341 ||| Waiting for ranged monster.
  2342 | D:3      | 2342 ||| FLEEEEING.
  2571 | D:3      | 2571 ||| INVOKING Spit Poison.
  2629 | D:3      | 2629 ||| INVOKING Spit Poison.
  2630 | D:3      | 2630 ||| INVOKING Spit Poison.
  2634 | D:3      | 2634 ||| INVOKING Spit Poison.
  2676 | D:3      | 2676 ||| INVOKING Spit Poison.
  2677 | D:3      | 2677 ||| INVOKING Spit Poison.
  2682 | D:3      | 2682 ||| INVOKING Spit Poison.
  2704 | D:3      | Reached skill level 6 in Axes
  2787 | D:3      | 2787 ||| INVOKING Spit Poison.
  2793 | D:3      | 2793 ||| FLEEEEING.
  2794 | D:3      | 2794 ||| FLEEEEING.
  2795 | D:3      | 2795 ||| FLEEEEING.
  2798 | D:3      | Reached XP level 6. HP: 51/56 MP: 6/6
  2832 | D:3      | 2832 ||| INVOKING Spit Poison.
  2833 | D:3      | 2833 ||| INVOKING Spit Poison.
  2901 | D:3      | 2901 ||| INVOKING Spit Poison.
  2904 | D:3      | 2904 ||| INVOKING Spit Poison.
  2937 | D:3      | 2937 ||| INVOKING Spit Poison.
  2985 | D:3      | 2985 ||| INVOKING Spit Poison.
  2989 | D:3      | 2989 ||| INVOKING Spit Poison.
  2999 | D:3      | 2999 ||| INVOKING Spit Poison.
  3135 | D:3      | 3135 ||| INVOKING Spit Poison.
  3247 | D:3      | 3247 ||| UPGRADING to pair of glowing gloves.
  3252 | D:3      | 3252 ||| READING scroll labeled REALYED WUMISA.
  3253 | D:3      | 3253 ||| DRINKING 3 fuming blue potions.
  3254 | D:3      | 3254 ||| DRINKING 2 black potions.
  3323 | D:3      | 3323 ||| READING 2 scrolls of identify.
  3323 | D:3      | 3323 ||| IDENTIFYING bubbling white potion
  3324 | D:3      | 3324 ||| DROPPING potion of lignification.
  3325 | D:3      | 3325 ||| DROPPING potion of ambrosia.
  3372 | D:4      | Noticed Blork the orc
  3375 | D:4      | 3375 ||| Stepping ~*~*~tactically~*~*~ (hiding).
  3376 | D:4      | 3376 ||| Waiting for ranged monster.
  3383 | D:4      | Killed Blork the orc
  3384 | D:4      | 3384 ||| Waiting for ranged monster.
  3420 | D:4      | Noticed Grinder
  3428 | D:4      | Paralysed by Grinder for 3 turns
  3428 | D:4      | HP: 12/56 [ogre/+0 giant spiked club (18)]
  3430 | D:4      | HP: 2/56 [ogre/+0 giant spiked club (11)]
  3430 | D:4      | Slain by Grinder

Levels and vault maps discovered:
D:1:      dpeg_arrival_ternary, layout_loops_cross, st_stairs_13,
          chequers_serial_rivers_room_b, solitary_fountain, grunt_decor_fettered
D:2:      layout_basic, minmay_misc_feat_ornament, uniq_robin
D:3:      layout_loops_ring, first_ration, chequers_serial_rivers_small_b
D:4:      layout_loops_ring, hangedman_decor_points,
          chequers_serial_rivers_large_b, nicolae_ru_sacrificial_ziggurat,
          uniq_blork_the_orc, uniq_pikel, uniq_menkaure, uniq_grinder,
          uniq_edmund

Skill      XL: |  1  2  3  4  5 |
---------------+----------------+-----
Axes           | 3 4 5 6 |  6.6
Fighting       | |  3.0
Armour         | |  2.4
Shields        | |  2.4

Action                   |  1- 3 |  4- 6 || total
-------------------------+-------+-------++-------
Melee: War axe           |    57 |   163 ||   220
 Abil: Spit Poison       |    17 |    26 ||    43
  Use: Scroll            |     3 |     6 ||     9
       Potion            |       |     2 ||     2
  Eat: Chunk             |     1 |     8 ||     9
Armor: Scale mail        |    18 |       ||    18
       Chain mail        |     6 |    90 ||    96
Dodge: Dodged            |    10 |    30 ||    40
Block: Kite shield       |    24 |    72 ||    96

Table legend:
 A = Non-vault XP
 B = Vault XP
 C = Vault XP percentage of total XP
 D = Non-vault monster count
 E = Vault monster count
 F = Vault count percentage of total count
                 A         B        C        D         E       F
            +---------+---------+-------+---------+---------+-------
      Total |     314 |     124 |  28.3 |      78 |      13 |  14.3
            +---------+---------+-------+---------+---------+-------
        D:1 |      56 |       1 |   1.8 |      23 |       1 |   4.2
        D:2 |      69 |      36 |  34.3 |      21 |      11 |  34.4
        D:3 |     188 |       0 |   0.0 |      33 |       0 |   0.0
        D:4 |       1 |      87 |  98.9 |       1 |       1 |  50.0
            +---------+---------+-------+---------+---------+-------
